 Dungeon Crawl Stone Soup version 0.31-a0-949-g57150269e1 (webtiles) character file.

Game seed: 8366329004132992246

4620 Getoffmy the Destroyer (level 10, -19/69 HPs)
             Began as a Grey Draconian Air Elementalist on Oct 22, 2023.
             Was a Priest of Sif Muna.
             Demolished by Erolcha
             ... wielding a +0 giant club
              (39 damage)
             ... on level 9 of the Dungeon on Oct 23, 2023.
             The game lasted 00:37:35 (10473 turns).

Getoffmy the Destroyer (DrAE)                      Turns: 10473, Time: 00:37:35

Health: -19/69     AC: 17    Str: 11    XL:     10   Next: 19%
Magic:  4/19       EV: 12    Int: 22    God:    Sif Muna [***...]
Gold:   203        SH:  0    Dex: 12    Spells: 14/22 levels left

rFire   . . .        G - +2 mace of the Divine God {distort, rC+ Int+3}
rCold   + + .        (no shield)
rNeg    . . .        (body armour unavailable)
rPois   .            (helmet restricted)
rElec   +            u - +0 cloak
rCorr   +            e - +1 pair of gloves of Fedhas's Inspiration {rElec}
SInv    .            c - +1 pair of boots
Will    +....        m - amulet of the acrobat
Stlth   ++           d - ring of resist corrosion
HPRegen 0.31/turn    p - ring of protection from cold
MPRegen 0.16/turn

%: acrobat
@: enlightened, flying
A: AC +12, amphibious, unfitting armour, cold-blooded
a: Renounce Religion, Channel Magic, Forget Spell


You were on level 9 of the Dungeon.
You worshipped Sif Muna.
Sif Muna was most pleased with you.
You visited 1 branch of the dungeon, and saw 9 of its levels.
You also visited: Ossuary.

You collected 427 gold pieces.
You spent 224 gold pieces at shops.

Inventory:

Hand Weapons
 G - the +2 mace of the Divine God (weapon) {distort, rC+ Int+3}
   (You bought it in a shop on level 6 of the Dungeon)

   Int+3:     It affects your intelligence (+3).
   rC+:       It protects you from cold.
Missiles
 n - 80 stones
 t - a throwing net
 E - 32 poisoned darts
 K - a curare-tipped dart
Armour
 c - a +1 pair of boots (worn)
 e - the +1 pair of gloves of Fedhas's Inspiration (worn) {rElec}
   (You found it on level 8 of the Dungeon)

   rElec:     It insulates you from electricity.
 u - a +0 cloak (worn)
Magical Staves
 D - a staff of fire
Jewellery
 d - a ring of resist corrosion (left hand)
 m - an amulet of the acrobat (around neck)
 p - a ring of protection from cold (right hand)
 A - a +4 ring of protection
 C - a ring of protection from cold
 M - a ring of fire
Talismans
 i - a talisman of death
Wands
 g - a wand of paralysis (11)
 o - a wand of polymorph (8)
 s - a wand of roots (16)
 w - a wand of flame (30)
 y - a wand of light (18)
Scrolls
 b - 3 scrolls of poison
 h - 4 scrolls of teleportation
 k - a scroll of fear
 q - a scroll of fog
 F - 4 scrolls of vulnerability
 H - 7 scrolls of identify
 I - 2 scrolls of immolation
 J - 2 scrolls of acquirement {unknown}
 L - a scroll of enchant weapon
Potions
 a - 2 potions of degeneration {unknown}
 f - 2 potions of might
 j - a potion of cancellation
 l - a potion of mutation {unknown}
 r - 6 potions of curing
 v - 2 potions of enlightenment
 x - a potion of brilliance {unknown}
 z - a potion of heal wounds
 B - 3 potions of attraction


   Skills:
 - Level 1.7 Dodging
 - Level 1.7 Stealth
 + Level 6.6 Spellcasting
 * Level 9.8 Conjurations
 + Level 5.7 Ice Magic
 + Level 6.2 Air Magic


You had 14 spell levels left.
You knew the following spells:

 Your Spells              Type           Power      Damage    Failure   Level
a - Shock                 Conj/Air       100%       1d9       1%          1
b - Freezing Cloud        Conj/Ice/Air   19%        6-21      12%         5
c - Static Discharge      Conj/Air       84%        3-7/arc   1%          2

Your spell library contained the following spells:

 Spells                   Type           Power      Damage    Failure   Level
 Kiss of Death            Conj/Necr      100%       2d13      1%          1
 Momentum Strike          Conj/Tloc      56%        3d9       1%          2
 Swiftness                Air            34%        N/A       1%          3
 Dazzling Flash           Conj/Hex       56%        N/A       3%          3
 Ensorcelled Hibernation  Hex/Ice        38%        N/A       4%          2
 Cigotuvi's Dreadful Rot  Necr/Pois/Air  32%        N/A       5%          2
 Airstrike                Air            17%        2d(3-19)  7%          4
 Apportation              Tloc           14%        N/A       9%          1
 Necrotise                Necr           28%        1d5       9%          1
 Summon Small Mammal      Summ           28%        N/A       9%          1
 Blink                    Tloc           14%        N/A       13%         2
 Lesser Beckoning         Tloc           14%        N/A       13%         2
 Passwall                 Tmut/Erth      5%         N/A       13%         2
 Sublimation of Blood     Necr           7%         N/A       13%         2
 Gell's Gravitas          Tloc           7%         N/A       26%         3
 Ignite Poison            Fire/Tmut/Pois 7%         N/A       26%         3
 Teleport Other           Tloc           7%         N/A       26%         3
 Vampiric Draining        Necr           7%         2d6       26%         3
 Volatile Blastmotes      Fire/Tloc      14%        2d11      26%         3
 Irradiate                Conj/Tmut      14%        3d16      30%         5
 Petrify                  Tmut/Erth      7%         N/A       65%         4
 Starburst                Conj/Fire      14%        6d6       86%         6
 Agony                    Necr           7%         N/A       94%         5
 Dispersal                Tloc           3%         N/A       100%        6
 Maxwell's Capacitive Co  Air            17%        ∞         100%        8


Dungeon Overview and Level Annotations

Branches:
Dungeon (9/15)             Temple (0/1) D:6         Ossuary (visited)
   Lair: D:8-11         Orc: D:9-12

Altars:
Hepliaklqana
Makhleb
Sif Muna
Trog

Shops:
D:6 ([?(=   D:7 ?

Annotations:
D:7 3 runed translucent doors, TheSexyCheese's ghost, novice DEFE; soul19's ghost, novice DsFi
D:9 Erolcha


Innate Abilities, Weirdness & Mutations

Your dull iron-grey scales are very hard. (AC +12)
You are amphibious.
You cannot fit into any form of body armour.
You are cold-blooded and may be slowed by cold attacks.


Message History

The water moccasin is severely wounded.
You resist.
You are struck by an arc of lightning.
The water moccasin is struck by an arc of lightning!
The water moccasin is almost dead.
You are struck by an arc of lightning.
You feel sick.
The water moccasin bites you but does no damage.
Casting: Static Discharge (safe; 1% risk of failure)
Confirm with . or Enter, or press ? or * to list all spells.
The water moccasin is struck by an arc of lightning!
You kill the water moccasin!
Sif Muna accepts your kill.
You are struck by an arc of lightning.
You feel sick.
Unknown command.
Casting: Static Discharge (safe; 1% risk of failure)
Confirm with . or Enter, or press ? or * to list all spells.
You can't see any susceptible monsters within range! (Use Z to cast anyway.) Unknown command.
You feel sick.
You feel sick.
You start resting.
You feel sick. x2
Something closely misses you.
You start resting.
You feel sick.
You are no longer poisoned.
Casting: Static Discharge (safe; 1% risk of failure)
Confirm with . or Enter, or press ? or * to list all spells.
Something is struck by an arc of lightning.
You resist.
You are struck by an arc of lightning.
Something is struck by an arc of lightning.
The lightning grounds out.
Something hits you!
* * * LOW HITPOINT WARNING * * *
Casting: Static Discharge (safe; 1% risk of failure)
Confirm with . or Enter, or press ? or * to list all spells.
Something is struck by an arc of lightning!
You are struck by an arc of lightning.
Something is struck by an arc of lightning.
You are struck by an arc of lightning.
Something is struck by an arc of lightning.
The lightning grounds out.
Something hits you!!!
Ouch! That really hurt!
You die...

...................
..................
.................#
##...............##
###.........[......#
##........ .....##.#
##.......# ..####..#
.##.......# #########..#
.>......@####..........##
###...†## #.............
#....####..........###
##....##...........##
#..........##.....##
#.........####...###
.........### #..## #
.#####...# #..# ## #..##
#..# ##.


There were no monsters in sight!

Vanquished Creatures
  Pikel (D:7)
  Sigmund (D:2)
  A wyvern (D:8)
  2 steam dragons
  3 water moccasins
  An ice beast (D:7)
  An orc warrior (D:5)
  4 ogres
  5 centaurs
  3 lemures (D:7)
  2 phantoms (D:4)
  4 kobold brigands
  7 bullfrogs
  A scorpion (D:5)
  3 water moccasin zombies (Ossuary)
  A howler monkey (D:6)
  6 orc priests
  6 hounds
  Crazy Yiuf (D:3)
  A gnoll bouda (D:6)
  2 jellies (D:6)
  A sleepcap (D:5)
  4 iguanas
  Jessica (D:2)
  5 orc wizards
  2 mummies (Ossuary)
  11 adders
  14 gnolls
  2 white imps (D:7)
  3 adder zombies (Ossuary)
  5 worms
  3 dart slugs
  25 orcs
  7 ball pythons
  8 endoplasms
  5 giant cockroaches
  6 gnoll zombies (Ossuary)
  8 goblins
  9 hobgoblins
  6 quokkas
  3 bats
  7 frilled lizards
  5 hobgoblin zombies (Ossuary)
  24 kobolds
  5 kobold zombies (Ossuary)
  2 orc zombies (Ossuary)
  4 rats
231 creatures vanquished.

Notes
Turn   | Place    | Note
-------+----------+-------------------------------------------
     0 | D:1      | Getoffmy the Draconian Air Elementalist began the quest for
                  | the Orb.
     0 | D:1      | Reached XP level 1. HP: 14/14 MP: 3/3
   211 | D:1      | Reached XP level 2. HP: 10/20 MP: 0/5
   895 | D:1      | Reached skill level 2 in Conjurations
  1209 | D:1      | Reached XP level 3. HP: 26/26 MP: 3/6
  1523 | D:2      | Noticed Sigmund
  1536 | D:2      | Killed Sigmund
  1537 | D:2      | Reached skill level 4 in Conjurations
  1537 | D:2      | Reached XP level 4. HP: 19/33 MP: 3/8
  1537 | D:2      | Reached XP level 5. HP: 22/38 MP: 3/9
  1753 | D:2      | Found a faded altar of an unknown god.
  1813 | D:2      | Noticed Jessica
  1830 | D:2      | Killed Jessica
  2152 | D:2      | Reached XP level 6. HP: 38/45 MP: 4/10
  3000 | D:3      | Learned a level 5 spell: Freezing Cloud
  3003 | D:3      | Learned a level 2 spell: Static Discharge
  3372 | D:3      | Found a runed translucent door.
  3373 | D:3      | Noticed Crazy Yiuf
  3591 | D:3      | Killed Crazy Yiuf
  3775 | D:4      | Reached skill level 5 in Conjurations
  3849 | D:4      | Your scales start taking on a dull iron-grey colour.
  3849 | D:4      | Reached XP level 7. HP: 50/50 MP: 7/12
  4507 | D:4      | Reached skill level 1 in Ice Magic
  4513 | D:4      | Found a burning altar of Makhleb.
  5072 | D:5      | Identified the "Woklatapta"
  5072 | D:5      | Entered Level 5 of the Dungeon
  5109 | D:5      | Reached skill level 6 in Conjurations
  5463 | D:5      | Reached XP level 8. HP: 57/57 MP: 11/14
  6271 | D:5      | Found a shimmering blue altar of Sif Muna.
  6286 | D:5      | Became a worshipper of Sif Muna the Loreminder
  6313 | D:5      | Found a bloodstained altar of Trog.
  6750 | D:6      | Found a hazy altar of Hepliaklqana.
  6813 | D:6      | Found Piutwuh's Jewellery Shoppe.
  6814 | D:6      | Found Lucvowide's Antique Weapon Emporium.
  6821 | D:6      | Found Faczuvuo's Armour Shop.
  6821 | D:6      | Found Votuph's Magic Scroll Boutique.
  6822 | D:6      | Found Rumecag's Antique Weapon Boutique.
  6838 | D:6      | Reached skill level 7 in Conjurations
  6983 | D:6      | Reached skill level 5 in Spellcasting
  7197 | D:6      | Reached skill level 5 in Air Magic
  7316 | D:6      | Found a staircase to the Ecumenical Temple.
  7524 | D:6      | Reached XP level 9. HP: 62/62 MP: 11/17
  7806 | D:6      | Reached skill level 8 in Conjurations
  7914 | D:6      | Bought a slimy mace for 224 gold pieces
  7914 | D:6      | Identified the +2 mace of the Divine God {distort, rC+
                  | Int+3} (You bought it in a shop on level 6 of the Dungeon)
  7933 | D:7      | Reached * piety under Sif Muna
  8153 | D:7      | Found The Oracle's Delphic Readings.
  8237 | D:7      | Noticed Pikel
  8246 | D:7      | Killed Pikel
  8552 | D:7      | Reached skill level 9 in Conjurations
  8662 | D:7      | Reached skill level 5 in Ice Magic
  9015 | D:7      | Found a runed translucent gate.
  9016 | D:7      | Found a runed translucent gate.
  9017 | D:7      | Found a runed translucent gate.
  9020 | D:7      | Noticed TheSexyCheese's ghost (novice DEFE)
  9020 | D:7      | Noticed soul19's ghost (novice DsFi)
  9097 | D:8      | Reached ** piety under Sif Muna
  9098 | D:8      | Found a sand-covered staircase.
  9113 | D:8      | Identified the +1 pair of gloves of Fedhas's Inspiration
                  | {rElec}
  9127 | Ossuary  | Entered an ossuary
  9671 | D:8      | Reached XP level 10. HP: 69/69 MP: 13/19
  9700 | D:8      | Reached *** piety under Sif Muna
 10177 | D:9      | Found the +15 Maxwell's patent armour {-Cast -Tele rElec
                  | Will+ rCorr}
 10448 | D:9      | Noticed Erolcha
 10473 | D:9      | Demolished by Erolcha

Illustrated notes

Levels and vault maps discovered:
D:1:      sevenhm_arrival_forest_fort_small_5, layout_basic,
          minmay_misc_feat_roman, st_stairs_13
D:2:      layout_loops_ring, hellmonk_ecumenical_altar_zigzags,
          minmay_misc_feat_columns, uniq_jessica, uniq_sigmund
D:3:      layout_basic, chequers_big_river, uniq_crazy_yiuf_cottage
D:4:      layout_gridville, lemuel_coloured_pillars_altar, dreamdust_gnoll_farm
D:5:      layout_cave_pools, nzn_overflow_gifts_of_might_and_magic,
          gup_sewer_entry_bowl, serial_rivers, chequers_serial_rivers_micro_d,
          chequers_serial_rivers_room_b, chequers_serial_rivers_room_b,
          chequers_serial_rivers_marsh, kennysheep_opposing_triangles
D:6:      layout_cave_pools, nicolae_hepliaklqana_hazy_memory,
          minmay_temple_entry_wispy, nicolae_shop_national_dungeon_mall
D:7:      layout_loops_ring, gammafunk_ghost_cemetery,
          nicolae_nh_oracle_at_delphi, uniq_pikel
D:8:      layout_rooms, nicolae_ossuary_entry_monument
D:9:      layout_layer_cave, serial_bayou_lagoon_a,
          dreamdust_deal_with_the_devil, uniq_erolcha

Skill      XL: |  1  2  3  4  5  6  7  8  9 |
---------------+----------------------------+-----
Conjurations   | 2 4 5 6 7 9 |  9.8
Spellcasting   | 3 4 5 6 |  6.6
Air Magic      | 4 3 4 5 6 |  6.2
Ice Magic      | 2 3 5 |  5.7
Dodging        | |  1.7
Stealth        | |  1.7

Action                     |  1- 3 |  4- 6 |  7- 9 | 10-12 || total
---------------------------+-------+-------+-------+-------++-------
  Melee: Unarmed           |     6 |       |       |       ||     6
         Dagger            |     4 |     7 |    63 |       ||    74
         Tailslap          |       |       |    10 |     1 ||    11
         Punch             |       |       |     2 |       ||     2
         Mace              |       |       |    19 |    18 ||    37
   Cast: Shock             |    45 |    66 |    85 |     6 ||   202
         Static Discharge  |       |     9 |   127 |    22 ||   158
    Use: Potion            |     1 |       |     1 |     1 ||     3
         Scroll            |       |       |    18 |       ||    18
   Stab: Sleeping          |     3 |     2 |     7 |       ||    12
         Distracted        |       |       |     1 |       ||     1
 Armour: Skin              |    25 |    36 |   342 |    76 ||   479
  Dodge: Dodged            |    17 |    44 |   253 |    55 ||   369

Table legend: (Time is in decaauts)
 A = Elapsed time spent in this place.
 B = Non-inter-level travel time spent in this place.
 C = Inter-level travel time spent in this place.
 D = Time resting spent in this place.
 E = Time spent auto-exploring this place.
 F = Levels seen in this place.
 G = Mean time per level.
                   A        B        C        D        E       F      G
               +--------+--------+--------+--------+--------+-----+--------+
         Total |  10501 |  10218 |    283 |   3458 |   4820 |  10 | 1050.1 |
       Dungeon |  10013 |   9730 |    283 |   3182 |   4758 |   9 | 1112.6 |
       Ossuary |    488 |    488 |      0 |    276 |     62 |   1 |  488.0 |
               +--------+--------+--------+--------+--------+-----+--------+

Top non-repeatable levels by time:
     D:5: 1668 daAuts
     D:3: 1349 daAuts
     D:4: 1330 daAuts
     D:1: 1311 daAuts
     D:6: 1182 daAuts
     D:7: 1151 daAuts
     D:2: 1095 daAuts
     D:8: 623 daAuts
 Ossuary: 488 daAuts
     D:9: 300 daAuts
